 Dungeon Crawl Stone Soup version 0.27-a0-1193-g8631133539 (webtiles) character file.

Game seed: 17364252865351099458

633 Essalna the Skirmisher (level 7, 0/81 HPs)
             Began as a Djinni Venom Mage on May 25, 2021.
             Slain by Duvessa
             ... wielding a +0 short sword
              (7 damage)
             ... on level 4 of the Dungeon.
             The game lasted 00:09:36 (5430 turns).

Essalna the Skirmisher (Djinni Venom Mage)          Turns: 5430, Time: 00:09:36

Health: 0/81       AC: 23    Str:  7    XL:     7   Next: 78%
Gold:   115        EV:  2    Int: 18    God:
                   SH:  0    Dex: 14

rFire    . . .     SeeInvis .   n - +2 dire flail (protect)
rCold    . . .     Faith    .   (shield currently unavailable)
rNeg     + + +     Spirit   .   (armour currently unavailable)
rPois    ∞         Reflect  .   (helmet currently unavailable)
rElec    .         Harm     .   (cloak currently unavailable)
rCorr    .         Rampage  .   (gloves currently unavailable)
Will     .....     NoTele   +   (boots unavailable)
Stlth    ++........             (no amulet)
HPRegen  0.23/turn              (no ring)
MPRegen  0.00/turn              (no ring)

@: mighty, brilliant, tree-form
A: stationary, stasis, torment immunity, boosted hp, sickness immunity, (fire
resistance 2), (cold vulnerability 1), float, innate caster, hp casting, extra
vitality 1
a: no special abilities


You were on level 4 of the Dungeon.
You were a tree.
You visited 1 branch of the dungeon, and saw 4 of its levels.

You collected 115 gold pieces.

Inventory:

Hand Weapons
 b - a +0 bardiche
 n - a +2 dire flail of protection (weapon)
Armour
 a - a +0 robe (melded)
Jewellery
 i - a ring of poison resistance
Scrolls
 e - a scroll of vulnerability
 g - 3 scrolls of teleportation
 j - a scroll of amnesia {unknown}
 k - 2 scrolls of magic mapping {unknown}
 l - a scroll of blinking {unknown}
Potions
 c - a potion of brilliance


   Skills:
 + Level 5.1 Fighting
 - Level 2.3 Dodging
 - Level 2.0 Stealth
 - Level 1.1 Unarmed Combat
 + Level 4.7 Spellcasting


You couldn't memorise any spells.
You knew the following spells:

 Your Spells              Type           Power      Damage    Failure   Level
a - Sting                 Tmut/Pois      100%       1d8       1%          1
b - Poisonous Vapours     Pois/Air       64%        N/A       3%          2
c - Mephitic Cloud        Conj/Pois/Air  32%        N/A       6%          3
d - Ignite Poison         Fire/Tmut/Pois 32%        N/A       6%          3
e - Olgreb's Toxic Radia  Pois           32%        N/A       19%         4
f - Freeze                Ice            100%       1d11      1%          1
g - Ensorcelled Hibernat  Hex/Ice        64%        N/A       3%          2
h - Confusing Touch       Hex            32%        N/A       6%          3
Your spell library was empty.

Dungeon Overview and Level Annotations

Branches:
Dungeon (4/15)
 Temple: D:4-7

Altars:

Shops:
D:3 =

Annotations:
D:4 Duvessa


Innate Abilities, Weirdness & Mutations

You are a tree.
Your roots penetrate the ground, keeping you stationary.
You cannot be teleported.
You are immune to unholy pain and torment.
Your maximum health is greatly increased.
Your equipment is partially melded.
You are immune to sickness and miasma.
You are immune to poison.
((Your flesh is very heat resistant. (rF++)))
((You are vulnerable to cold. (rC-)))
You float through the air rather than walking.
You learn spells naturally, not from books.
Your magical power is your life essence.
You have superior vitality. (+4 HP)


Message History

Okay, then.
Unknown command.
Casting: Poisonous Vapours (safe; 3% risk of failure)
Confirm with . or Enter, or press ? or * to list all spells.
Okay, then.
Unknown command.
Unknown command.
Casting: Poisonous Vapours (safe; 3% risk of failure)
Confirm with . or Enter, or press ? or * to list all spells.
Okay, then.
Unknown command.
Casting: Poisonous Vapours (safe; 3% risk of failure)
Confirm with . or Enter, or press ? or * to list all spells.
You feel a surge of power!
Your branches begin to glow red.
Duvessa hits you with a +0 short sword.
You hit Duvessa but do no damage. Duvessa hits you with a +0 short sword!
A giant cockroach comes into view.
Duvessa hits you with a +0 short sword.
You barely miss Duvessa. Duvessa hits you but does no damage. x2
You hit Duvessa but do no damage.
Duvessa appears confused.
Duvessa hits you but does no damage.
You barely miss Duvessa. The giant cockroach barely misses you.
You hit Duvessa.
Your weapon exudes an aura of protection.
Duvessa is lightly wounded.
Duvessa hits you with a +0 short sword.
The giant cockroach bites you but does no damage.
Duvessa hits you but does no damage.
As you read the scroll labelled XUFEWNAUTT, it crumbles to dust.
It is a scroll of identify.
e - a scroll of vulnerability The giant cockroach barely misses you.
Duvessa hits you with a +0 short sword!
* * * LOW HITPOINT WARNING * * *
The giant cockroach bites you but does no damage.
As you read the scroll labelled XOKUMU TOSTRAO, it crumbles to dust.
You feel a strange sense of stasis.
It was a scroll of teleportation.
Duvessa hits you with a +0 short sword!
* * * LOW HITPOINT WARNING * * *
The giant cockroach barely misses you. Duvessa hits you with a +0 short sword!
You die...

#..........##...g #
#........#....e...
##.##.......##.....#.
..................##
....#........#....#
.......e.....##...#
.........#...# ##..#
###.....###B####.## #
##..[###.♣##...### #.
#.....###e##.....## ##..
#.................# ....
.......#............#####..#
.................#.........#
..................###.....##
....#........##....###...##
.#..#..#...........##....#
##..#.................######


You could see Duvessa (berserk, fast, confused) and a giant cockroach.

Vanquished Creatures
  Sigmund (D:2)
  Edmund (D:4)
  A bullfrog (D:3)
  Dowan (D:4)
  A hound (D:4)
  2 iguanas
  An orc wizard (D:3)
  6 adders
  A gnoll (D:2)
  An adder skeleton (D:4)
  A worm (D:2)
  3 dart slugs
  5 orcs
  7 ball pythons
  7 endoplasms
  3 giant cockroaches
  3 goblins
  4 hobgoblins
  3 jackals (D:2)
  4 quokkas
  5 bats
  3 frilled lizards
  8 kobolds
  5 rats (D:1)
77 creatures vanquished.

Notes
Turn   | Place    | Note
-------+----------+-------------------------------------------
     0 | D:1      | Essalna the Djinni Venom Mage began the quest for the Orb.
     0 | D:1      | Reached XP level 1. HP: 15/15 MP: 0/0
   247 | D:1      | Found a faded altar of an unknown god.
   568 | D:1      | Reached XP level 2. HP: 18/21 MP: 0/0
  1635 | D:1      | Reached XP level 3. HP: 12/26 MP: 0/0
  1635 | D:1      | Learned a level 1 spell: Freeze
  1968 | D:2      | Reached skill level 1 in Fighting
  1968 | D:2      | Reached skill level 1 in Unarmed Combat
  2238 | D:2      | Reached XP level 4. HP: 21/32 MP: 0/0
  2770 | D:2      | Noticed Sigmund
  2781 | D:2      | Killed Sigmund
  2782 | D:2      | Reached skill level 3 in Fighting
  2782 | D:2      | Reached XP level 5. HP: 19/40 MP: 0/0
  2782 | D:2      | Learned a level 2 spell: Ensorcelled Hibernation
  2782 | D:2      | Reached XP level 6. HP: 21/46 MP: 0/0
  3785 | D:3      | Found Saadit's Jewellery Shop.
  4305 | D:3      | Reached skill level 4 in Fighting
  4690 | D:3      | Reached XP level 7. HP: 15/52 MP: 0/0
  4690 | D:3      | Learned a level 3 spell: Confusing Touch
  5244 | D:4      | Noticed Edmund
  5251 | D:4      | Killed Edmund
  5406 | D:4      | Noticed Dowan
  5412 | D:4      | Noticed Duvessa
  5419 | D:4      | Killed Dowan
  5420 | D:4      | Reached skill level 5 in Fighting
  5430 | D:4      | Slain by Duvessa

Illustrated notes

Levels and vault maps discovered:
D:1:      minmay_arrival_split_and_join, layout_basic,
          chequers_ecumenical_altar_island
D:2:      layout_rooms, minmay_puff, uniq_sigmund
D:3:      layout_basic, serial_shops, shop
D:4:      layout_cave_pools, uniq_duvessa, uniq_edmund

Skill      XL: |  1  2  3  4  5  6  7 |
---------------+----------------------+-----
Stealth        | 2 |  2.0
Fighting       | 1 3 4 5 |  5.1
Unarmed Combat | 1 |  1.1
Spellcasting   | 3 4 |  4.7
Dodging        | |  2.3

Action                   |  1- 3 |  4- 6 |  7- 9 || total
-------------------------+-------+-------+-------++-------
Melee: Unarmed           |     5 |       |       ||     5
       Bardiche          |    34 |    55 |     6 ||    95
       Dire flail        |       |       |     5 ||     5
 Cast: Sting             |    57 |    45 |       ||   102
       Poisonous Vapours |       |    12 |    23 ||    35
       Ignite Poison     |       |     2 |     1 ||     3
       Olgreb's Toxic Ra |       |     1 |       ||     1
       Confusing Touch   |       |       |     1 ||     1
  Use: Potion            |       |       |     5 ||     5
       Scroll            |       |       |     2 ||     2
 Stab: Sleeping          |       |     5 |       ||     5
       Distracted        |       |     1 |     1 ||     2
Armor: Robe              |    13 |    21 |       ||    34
       Skin              |       |       |     7 ||     7
Dodge: Dodged            |    62 |    64 |    14 ||   140

Table legend: (Time is in decaauts)
 A = Elapsed time spent in this place.
 B = Non-inter-level travel time spent in this place.
 C = Inter-level travel time spent in this place.
 D = Time resting spent in this place.
 E = Time spent auto-exploring this place.
 F = Levels seen in this place.
 G = Mean time per level.
                   A        B        C        D        E       F      G
               +--------+--------+--------+--------+--------+-----+--------+
         Total |   5526 |   5405 |    121 |    134 |   4630 |   4 | 1381.5 |
       Dungeon |   5526 |   5405 |    121 |    134 |   4630 |   4 | 1381.5 |
               +--------+--------+--------+--------+--------+-----+--------+

Top non-repeatable levels by time:
     D:1: 1970 daAuts
     D:3: 1648 daAuts
     D:2: 1493 daAuts
     D:4: 413 daAuts
